 Dungeon Crawl Stone Soup version 0.29.1-1-gd02db6906a (webtiles) character file.

Game seed: 15870859859021161951

3866 sanboga the Cleaver (level 10, 0/65 HPs)
             Began as a Gargoyle Berserker on Sept 22, 2022.
             Was an Elder of Trog.
             Slain by a two-headed ogre
             ... wielding a +0 giant club
              (27 damage)
             ... on level 8 of the Dungeon.
             The game lasted 00:10:20 (9069 turns).

sanboga the Cleaver (Gargoyle Berserker)            Turns: 9069, Time: 00:10:20

Health: 0/65       AC: 18    Str: 25    XL:     10   Next: 19%
Magic:  10/10      EV: 15    Int:  8    God:    Trog [****..]
Gold:   343        SH:  0    Dex:  9    Spells: 9/9 levels left

rFire   . . .      SeeInvis .   a - +0 war axe
rCold   . . .      Faith    .   (no shield)
rNeg    + . .      Spirit   .   b - +0 animal skin
rPois   ∞          Reflect  .   n - +0 helmet
rElec   +          Harm     .   q - +1 cloak
rCorr   .          Rampage  .   t - +2 pair of gloves {Stlth+}
Will    .....                   z - +0 pair of boots
Stlth   ++........              (no amulet)
HPRegen 0.20/turn               m - +4 ring of evasion
MPRegen 0.12/turn               B - +4 ring of slaying

@: no status effects
A: sickness immunity, AC +7, negative energy resistance 1, electricity
resistance, torment resistance 1, petrification resistance
a: Renounce Religion, Berserk, Trog's Hand, Brothers in Arms


You were on level 8 of the Dungeon.
You worshipped Trog.
Trog was greatly pleased with you.
You visited 1 branch of the dungeon, and saw 8 of its levels.

You collected 508 gold pieces.
You spent 165 gold pieces at shops.

Inventory:

Hand Weapons
 a - a +0 war axe (weapon)
Armour
 b - a +0 animal skin (worn)
 n - a +0 helmet (worn)
 q - a +1 cloak (worn)
 t - a +2 pair of gloves of stealth (worn)
 z - a +0 pair of boots (worn)
Jewellery
 m - a +4 ring of evasion (left hand)
 y - a ring of see invisible
 B - a +4 ring of slaying (right hand)
 G - a ring of ice
Wands
 x - a wand of digging (9)
 F - a wand of light (11)
 H - a wand of roots (7)
Scrolls
 c - 7 scrolls of identify {unknown}
 d - a scroll of teleportation {unknown}
 g - a scroll of amnesia {unknown}
 h - 4 scrolls of enchant weapon {unknown}
 l - a scroll of brand weapon {unknown}
 o - 2 scrolls of fear {unknown}
 s - 3 scrolls of vulnerability {unknown}
 u - a scroll of immolation {unknown}
 v - a scroll of magic mapping {unknown}
 A - 3 scrolls of blinking {unknown}
 C - a scroll of enchant armour
 I - a scroll of silence {unknown}
Potions
 e - a potion of magic {unknown}
 f - 2 potions of curing
 i - 2 potions of haste {unknown}
 j - a potion of ambrosia {unknown}
 k - 2 potions of heal wounds
 p - 4 potions of attraction {unknown}
 r - 4 potions of lignification {unknown}
 w - 2 potions of degeneration {unknown}
 D - a potion of brilliance {unknown}
 E - a potion of invisibility {unknown}
 J - a potion of mutation {unknown}
 K - a potion of might {unknown}


   Skills:
 + Level 8.5 Fighting
 * Level 9.8 Axes
 + Level 8.1 Armour
 - Level 1.5 Dodging


You had 9 spell levels left.
You didn't know any spells.
Your spell library was empty.

Dungeon Overview and Level Annotations

Branches:
Dungeon (8/15)             Temple (0/1) D:4
   Lair: D:8-11

Altars:
Ashenzari
Elyvilon
Fedhas
Kikubaaqudgha
Okawaru
Sif Muna
Trog
Uskayaw
The Shining One

Shops:
D:4 [   D:7 (


Innate Abilities, Weirdness & Mutations

You are immune to sickness and miasma.
Your stone body is resilient. (AC +7)
You are immune to poison.
You resist negative energy. (rN+)
You are resistant to electric shocks. (rElec)
You are resistant to unholy torment.
You are immune to petrification.


Message History

You slice the water moccasin!!
You kill the water moccasin!
Trog accepts your kill.
Things that are here:
a yak corpse; a wyvern corpse You feel a strong urge to attack something.
You are no longer berserk.
You are exhausted.
You feel yourself slow down.
You now have 343 gold pieces (gained 14).
You see here a water moccasin corpse.
Things that are here:
a yak corpse; a wyvern corpse; a wyvern corpse You start resting.
You feel yourself speed up.
You start resting.
You start resting.
You recover from your berserk rage.
You start resting.
HP restored.
A two-headed ogre comes into view. It is wielding two +0 giant clubs.
A two-headed ogre is nearby!
Found 5 gold pieces.
The two-headed ogre misses you. x2
You slash the two-headed ogre!
The two-headed ogre is moderately wounded.
You barely miss the two-headed ogre.
The two-headed ogre is moderately wounded.
The two-headed ogre misses you.
The two-headed ogre hits you with a +0 giant club!
You barely miss the two-headed ogre.
The two-headed ogre is moderately wounded.
The two-headed ogre hits you with a +0 giant club!!
The two-headed ogre hits you but does no damage.
You hit the two-headed ogre.
The two-headed ogre is moderately wounded.
You barely miss the two-headed ogre.
The two-headed ogre is moderately wounded.
The two-headed ogre hits you with a +0 giant club!!
You die...

#...#....#.#..........
...............#........
..............###.......
..............# #..###..
.............## #..# #.#
..$..........# #..##...
#............####....._.
#.................#...
#....@.....####...###.
##...O.....# #..## #.
#......#..# #. #.
#....####.# ## . #...##
#.# ...## .# ##.. . #.#


You could see a two-headed ogre.

Vanquished Creatures
  An unseen horror (D:7)
  3 wyverns (D:8)
  5 yaks (D:8)
  An acid dragon (D:8)
  5 water moccasins
  An ice beast (D:4)
  A sky beast (D:7)
  An orc warrior (D:8)
  A centaur (D:5)
  2 ogres (D:5)
  A kobold brigand (D:6)
  3 bullfrogs
  A gnoll sergeant (D:8)
  A scorpion (D:5)
  4 wights (D:8)
  A howler monkey (D:8)
  4 hounds
  A jelly (D:6)
  An orc priest (D:8)
  A gnoll bouda (D:5)
  5 iguanas
  An orc wizard (D:7)
  9 adders
  A river rat (D:4)
  6 gnolls
  2 shadow imps
  A white imp (D:6)
  2 ufetubi (D:4)
  5 worms
  3 dart slugs
  9 orcs
  4 bats
  9 endoplasms
  7 giant cockroaches
  5 goblins
  5 hobgoblins
  8 jackals
  5 quokkas
  7 ball pythons
  6 frilled lizards
  14 kobolds
  7 rats
  2 bushes (D:2)
162 creatures vanquished.

Vanquished Creatures (collateral kills)
  An adder (D:4)
  An orc (D:4)
  A ball python (D:4)
3 creatures vanquished.

Vanquished Creatures (others)
  12 plants
12 creatures vanquished.

Grand Total: 177 creatures vanquished

Notes
Turn   | Place    | Note
-------+----------+-------------------------------------------
     0 | D:1      | sanboga the Gargoyle Berserker began the quest for the Orb.
     0 | D:1      | Reached XP level 1. HP: 14/14 MP: 1/1
   292 | D:1      | Reached skill level 3 in Axes
   292 | D:1      | Reached XP level 2. HP: 19/19 MP: 2/2
   513 | D:1      | Reached XP level 3. HP: 10/23 MP: 3/3
  1032 | D:1      | Found a faded altar of an unknown god.
  1432 | D:2      | HP: 1/24 [worm (8)]
  2041 | D:2      | Reached XP level 4. HP: 29/29 MP: 4/4
  2056 | D:2      | Reached ** piety under Trog
  3348 | D:2      | Reached skill level 4 in Axes
  3580 | D:3      | Reached XP level 5. HP: 33/33 MP: 5/5
  3635 | D:3      | Found a white marble altar of Elyvilon.
  4331 | D:4      | Found a broken altar of Ashenzari.
  4342 | D:4      | Noticed an ice beast
  4358 | D:4      | Killed an ice beast
  4359 | D:4      | Reached XP level 6. HP: 10/39 MP: 6/6
  4639 | D:4      | Found a shimmering blue altar of Sif Muna.
  4657 | D:4      | Found an iron altar of Okawaru.
  4673 | D:4      | Noticed a water moccasin
  4682 | D:4      | Killed a water moccasin
  4683 | D:4      | Reached skill level 5 in Axes
  4692 | D:4      | Found Juxzalol's Antique Armour Shop.
  4732 | D:4      | Reached skill level 5 in Fighting
  4751 | D:4      | Reached XP level 7. HP: 30/44 MP: 7/7
  5069 | D:4      | Bought a pair of glowing gloves for 165 gold pieces
  5286 | D:4      | Found a staircase to the Ecumenical Temple.
  5324 | D:5      | Entered Level 5 of the Dungeon
  5428 | D:5      | Noticed a +0 falchion
  5429 | D:5      | Noticed a +0 falchion
  5429 | D:5      | Noticed a +0 short sword
  5429 | D:5      | Noticed a +0 short sword
  5430 | D:5      | Noticed a +0 dagger
  5430 | D:5      | Noticed a +0 dagger
  5430 | D:5      | Noticed a +0 spear
  5432 | D:5      | Noticed a +0 spear
  5444 | D:5      | Found a hide-covered altar of Uskayaw.
  5513 | D:5      | Reached *** piety under Trog
  5887 | D:5      | Reached skill level 6 in Axes
  5887 | D:5      | Reached skill level 5 in Armour
  6102 | D:5      | Reached XP level 8. HP: 48/51 MP: 8/8
  6658 | D:6      | Found a blossoming altar of Fedhas.
  6658 | D:6      | Found an ancient bone altar of Kikubaaqudgha.
  6751 | D:6      | Reached skill level 7 in Axes
  7426 | D:7      | Noticed an unseen horror
  7435 | D:7      | Killed an unseen horror
  7436 | D:7      | Reached XP level 9. HP: 56/56 MP: 9/9
  7507 | D:7      | Found a glowing golden altar of the Shining One.
  7795 | D:7      | Found Rausacza's Weapon Shop.
  8189 | D:8      | Reached skill level 8 in Axes
  8699 | D:8      | Reached **** piety under Trog
  8758 | D:8      | Found a bloodstained altar of Trog.
  8779 | D:8      | Reached skill level 9 in Axes
  8797 | D:8      | Reached XP level 10. HP: 28/64 MP: 10/10
  9059 | D:8      | Noticed a two-headed ogre
  9069 | D:8      | Slain by a two-headed ogre

Illustrated notes

Levels and vault maps discovered:
D:1:      amcnicky_arrival_flooded_fountain, layout_rooms,
          hellmonk_ecumenical_altar_run_dry
D:2:      layout_loops_ring, st_stairs_1, lexackson_kobold_supper
D:3:      layout_loops_cross, elyvilon_altar_1
D:4:      layout_cave_pools, mainiacjoe_overflow_alcove_1,
          mainiacjoe_overflow_big_doors, lemuel_temple_firewalk_b,
          gup_sewer_entry_bubbles, serial_shops, kennysheep_mini_moat,
          minmay_misc_feat_enclosed
D:5:      layout_basic, nicolae_uskayaw_en_pointe
D:6:      layout_basic, grunt_temple_overflow_growth_and_decay
D:7:      layout_basic, kennysheep_little_box, serial_shops,
          nicolae_shop_competitors_out_of_business, minmay_misc_feat_cross
D:8:      layout_layer_cave, trog_three_pillars_becter, minmay_lair_entry_grove,
          nicolae_shop_clearance

Skill      XL: |  1  2  3  4  5  6  7  8  9 10 |
---------------+-------------------------------+-----
Axes           | 3 4 5 6 7 9 |  9.8
Armour         | 3 4 5 6 7 8 |  8.1
Fighting       | 4 5 6 8 |  8.5
Dodging        | |  1.5

Action                   |  1- 3 |  4- 6 |  7- 9 | 10-12 || total
-------------------------+-------+-------+-------+-------++-------
Melee: Hand axe          |   117 |   399 |   133 |       ||   649
       Punch             |     2 |     6 |     5 |     1 ||    14
       War axe           |       |       |   195 |    10 ||   205
Invok: Berserk           |     1 |     1 |     1 |       ||     3
  Use: Scroll            |       |     1 |     1 |       ||     2
       Potion            |       |       |     3 |       ||     3
 Stab: Sleeping          |       |       |     3 |       ||     3
Armor: Animal skin       |    45 |   107 |   167 |     3 ||   322
Dodge: Dodged            |    94 |   159 |   259 |     9 ||   521
